 Dungeon Sprint DCSS version 0.23.0-42-geed6394480 (webtiles) character file.

Game seed: 15558992805803023931

263 Lukash93rus the Martial Artist (level 6, -5/44 HPs)
             Began as a Merfolk Transmuter on Feb 28, 2019.
             Splashed by a jelly's acid (6 damage)
             ... in the Dungeon (Sprint I: "Red Sonja").
             The game lasted 00:02:23 (72 turns).

Lukash93rus the Martial Artist (Merfolk Transmuter)   Turns: 72, Time: 00:02:29

Health: -5/44      AC:  2    Str: 13    XL:     6   Next: 19%
Magic:  9/12       EV: 16    Int: 12    God:
Gold:   108        SH:  0    Dex: 14    Spells: 13/14 levels left

rFire    . . .     SeeInvis .     - Unarmed
rCold    . . .     Gourm    .   (no shield)
rNeg     . . .     Faith    .   b - +0 robe
rPois    .         Spirit   .   (no helmet)
rElec    .         Reflect  .   (no cloak)
rCorr    .         Harm     .   (no gloves)
MR       .....     NoTele   +   (no boots)
Stlth    +.........             (no amulet)
HPRegen  0.14/turn              (no ring)
MPRegen  0.13/turn              (no ring)

@: no status effects
A: change form in water, swift swim, stealthy swim
a: no special abilities


You were in the Dungeon.
You were very full.

You visited 1 branch You collected 108 gold pieces.

Inventory:

Hand Weapons
 d - a +0 dagger
 l - a +0 giant club
 n - a +0 scythe
Missiles
 a - 12 arrows (quivered)
Armour
 b - a +0 robe (worn)
 k - a +0 leather armour
 o - a +0 robe
Scrolls
 j - a scroll of blinking
Potions
 c - a potion of cancellation {unknown}
 e - a potion of curing
 f - a potion of heal wounds
 g - a potion of haste
 h - 2 potions of magic
 i - a potion of berserk rage
 m - a potion of flight {unknown}


   Skills:
 + Level 2.0 Fighting
 + Level 6.5 Dodging
 + Level 10.9 Unarmed Combat
 + Level 4.5 Spellcasting
 + Level 5.7 Transmutations


You had 13 spell levels left.
You knew the following spells:

 Your Spells              Type           Power        Failure   Level  Hunger
a - Beastly Appendage     Tmut           ###...       1%          1    None

Your spell library contained the following spells:

 Spells                   Type           Power        Failure   Level  Hunger
 Sticks to Snakes         Tmut           ###.....     3%          2    ##.....
 Spider Form              Tmut/Pois      #.........   19%         3    ###....
 Blade Hands              Tmut           ###.......   50%         5    ######.
 Ice Form                 Ice/Tmut       #.......     54%         4    ####...


Dungeon Overview and Level Annotations

Branches:
Dungeon (1/1)

Altars:
Sif Muna
Vehumet
Wu Jian


Message History

You now have 54 gold pieces (gained 27).
You now have 81 gold pieces (gained 27).
You now have 108 gold pieces (gained 27).
You open the door.
Found a deep blue altar of Sif Muna.
A jelly comes into view.
Found an ornate altar of the Wu Jian Council.
There is an open door here.
Found a radiant altar of Vehumet.
You see here 14 gold pieces.
The jelly quivers.
You see here a scroll labeled VIWIODAMOD.
The jelly hits you but does no damage.
You hit the jelly.
Your hands burn!
* * * LOW HITPOINT WARNING * * *
The jelly is moderately wounded.
The jelly hits you.
* * * LOW HITPOINT WARNING * * *
You are splashed with acid.
You die...

################
#<.#..'..#..'..#
#..'..#.†'..#..+
#..#####+#####'#
#..# #$# #..#
##?# #..# #_@+
#⌠⌠# +..J_# ####
#_.#+# ##+


You could see a jelly.

Vanquished Creatures
  Sigmund (D)
  An ogre (D)
  Ijyb (D)
3 creatures vanquished.

Notes
Turn   | Place    | Note
-------+----------+-------------------------------------------
     0 | D        | Lukash93rus the Merfolk Transmuter began the quest for the
                  | Orb.
     0 | D        | Reached XP level 1. HP: 15/15 MP: 3/3
     1 | D        | Noticed Ijyb
    25 | D        | Killed Ijyb
    25 | D        | Reached skill level 5 in Unarmed Combat
    25 | D        | Reached XP level 2. HP: 8/21 MP: 3/5
    25 | D        | Reached XP level 3. HP: 10/26 MP: 4/7
    31 | D        | Noticed an ogre
    37 | D        | Killed an ogre
    37 | D        | Reached skill level 5 in Dodging
    37 | D        | Reached skill level 8 in Unarmed Combat
    37 | D        | Reached XP level 4. HP: 11/32 MP: 5/9
    40 | D        | Noticed Sigmund
    53 | D        | Killed Sigmund
    53 | D        | Reached skill level 10 in Unarmed Combat
    53 | D        | Reached skill level 5 in Transmutations
    53 | D        | Reached XP level 5. HP: 3/38 MP: 6/11
    53 | D        | Reached XP level 6. HP: 4/44 MP: 6/12
    67 | D        | Found a deep blue altar of Sif Muna.
    68 | D        | Found an ornate altar of the Wu Jian Council.
    69 | D        | Found a radiant altar of Vehumet.
    72 | D        | HP: 1/44 [jelly (3)]
    72 | D        | Splashed by a jelly's acid

Skill      XL: |  1  2  3  4 |
---------------+-------------+-----
Dodging        | 3 5 6 |  6.5
Unarmed Combat | 5 8 10 | 10.9
Transmutations | 3 4 5 |  5.7
Spellcasting   | 3 4 |  4.5
Fighting       | 2 |  2.0

Action                   |  1- 3 |  4- 6 || total
-------------------------+-------+-------++-------
Melee: Unarmed           |    25 |    12 ||    37
       Punch             |     1 |     1 ||     2
  Eat: Ration            |     1 |       ||     1
Armor: Robe              |       |     1 ||     1
Dodge: Dodged            |    15 |     6 ||    21
